 Dungeon Crawl Stone Soup version 0.23-a0-844-gdc03e01 (webtiles) character file.

1658 Phenom the Cleaver (level 8, -2/105 HPs)
             Began as a Green Draconian Berserker on Jan 27, 2019.
             Was a High Priest of Trog.
             Slain by a killer bee (7 damage)
             ... on level 7 of the Dungeon.
             The game lasted 00:36:03 (6363 turns).

Phenom the Cleaver (Green Draconian Berserker)      Turns: 6363, Time: 00:36:04

Health: -2/105     AC:  6    Str: 27    XL:     8   Next: 68%
Magic:  8/8        EV: 19    Int:  8    God:    Trog [*****.]
Gold:   156        SH:  0    Dex: 10    Spells: 7/7 levels left

rFire    + + .     SeeInvis .   n - +2 battleaxe
rCold    + . .     Gourm    .   (shield currently unavailable)
rNeg     . . .     Faith    .   (armour unavailable)
rPois    +         Spirit   .   (helmet restricted)
rElec    .         Reflect  .   r - scarf {rC+ rF+}
rCorr    .         Harm     .   (no gloves)
MR       .....                  (no boots)
Stlth    ..........             l - amulet of the acrobat
HPRegen  0.27/turn              g - ring of protection from fire
MPRegen  0.11/turn              p - +5 ring of evasion

@: berserking (expiring), lethally poisoned (-2 -> -5), very quick
A: breathe noxious fumes, unfitting armour, poison resistance, cold-blooded, AC
+6
a: Breathe Noxious Fumes, Berserk, Trog's Hand, Brothers in Arms, Renounce
Religion


You were on level 7 of the Dungeon.
You worshipped Trog.
Trog was extremely pleased with you.
You were hungry.

You visited 1 branch of the dungeon, and saw 7 of its levels.

You collected 266 gold pieces.
You spent 110 gold pieces at shops.

Inventory:

Hand Weapons
 a - a +0 hand axe
 n - a +2 battleaxe (weapon)
Armour
 r - a scarf of resistance (worn)
 u - a +1 cloak
Jewellery
 g - a ring of protection from fire (left hand)
 h - an uncursed amulet of magic regeneration
 l - an amulet of the acrobat (around neck)
 p - a +5 ring of evasion (right hand)
Scrolls
 d - a scroll of noise
 f - 5 scrolls of teleportation
 k - a scroll of magic mapping
 o - 2 scrolls of fog
 q - 5 scrolls of remove curse
 x - a scroll of immolation
 y - a scroll of blinking
Potions
 c - 2 potions of curing
 e - a potion of invisibility
 i - 4 potions of heal wounds
 j - a potion of haste
 m - a potion of degeneration
 s - a potion of ambrosia {unknown}
 t - a potion of flight {unknown}
Comestibles
 b - 8 rations
 z - 8 chunks of flesh


   Skills:
 + Level 5.9 Fighting
 + Level 8.8 Axes
 + Level 5.4 Dodging
 + Level 2.5 Stealth


You had 7 spell levels left.
You didn't know any spells.
Your spell library contained the following spells:

 Spells                   Type           Power        Failure   Level  Hunger
 Corona                   Hex            #......      41%         1    ##.....
 Summon Small Mammal      Summ           #...         41%         1    ##.....
 Call Imp                 Summ           #.......     54%         2    ###....
 Ensorcelled Hibernation  Hex/Ice        #.....       54%         2    ###....
 Call Canine Familiar     Summ           #.......     78%         3    ####...
 Confuse                  Hex            #.......     78%         3    ####...
 Dazzling Spray           Conj/Hex       #.....       78%         3    ####...
 Summon Guardian Golem    Hex/Summ       #.......     78%         3    ####...
 Tukima's Dance           Hex            #.......     78%         3    ####...
 Summon Ice Beast         Ice/Summ       #.......     99%         4    #####..
 Summon Lightning Spire   Summ/Air       #.......     99%         4    #####..


Dungeon Overview and Level Annotations

Branches:
Dungeon (7/15)             Temple (0/1) D:6

Altars:
Ru
Zin
The Shining One

Shops:
D:6 %   D:7 [*

Annotations:
D:4 2 transporters


Innate Abilities, Weirdness & Mutations

You can breathe blasts of noxious fumes.
Your lurid green scales are hard. (AC +6)
You cannot fit into any form of body armour.
Your system is resistant to poisons. (rPois)
You are cold-blooded and may be slowed by cold attacks.


Message History

* * * LOW HITPOINT WARNING * * *
You are more poisoned.
The killer bee poisons you!
The killer bee stings you but does no damage.
You miss the killer bee.
The killer bee is heavily wounded.
The killer bee stings you!
* * * LOW HITPOINT WARNING * * *
You completely miss the killer bee.
The killer bee is heavily wounded.
You feel sick. The killer bee barely misses you. The killer bee stings you.
* * * LOW HITPOINT WARNING * * *
You closely miss the killer bee.
The killer bee is heavily wounded.
You feel sick. The killer bee closely misses you.
The killer bee barely misses you.
You barely miss the killer bee. You tail-slap the killer bee!
The killer bee is almost dead.
You feel sick. The killer bee stings you!
You die...

##.#....#...........,,,,,,,<,
**#.#.##.......#...#,,,,,,,,,*
**,............###.##,,,,,**,,*
*,......#...#.......#.,,,,**,,,
*##....##...##.......#*,,,**,,,
#..##.##.∩.##.......#*,,***,,,
##.,..##...##...<....,,,***,**
**.,,,#####.....#...,,,,,,,**
**,,,,,**#.†@##.#,..,,,,,,,,,
*,,,,.......y#*#..,.,,,,,,,**
***,,.........**....,,,,,,,,,
***,..........*,...,,,,,,,,,
*,,*...........,,..,,,,,,,,,
***,,*..........#.,*,,,,,,,,,,
*,,,,,....(.......#***,,,,,,,,
***,,*...^.....#.##***,,,,,,,,
*,*****,,,,,,****,*,,,,,,,,,


You could see a killer bee.

Vanquished Creatures
  An orc warrior (D:6)
  An ice beast (D:5)
  An ogre (D:5)
  A centaur (D:5)
  Blork the orc (D:4)
  2 bullfrogs
  A wyvern zombie (D:7)
  2 killer bees (D:7)
  3 crimson imps
  An orc priest (D:4)
  A hound (D:6)
  15 orc wizards
  Crazy Yiuf (D:4)
  2 iguanas
  2 worker ants
  6 gnolls (D:7)
  4 adders
  3 adder skeletons
  6 worms
  2 dart slugs
  7 leopard geckos
  29 orcs
  3 ball pythons
  5 bats
  9 giant cockroaches
  5 goblins
  9 hobgoblins
  21 jackals
  6 kobolds
  4 quokkas
  2 frilled lizards (D:1)
  A leopard gecko skeleton (D:5)
  A quokka zombie (D:6)
  9 rats
167 creatures vanquished.

Notes
Turn   | Place    | Note
-------+----------+-------------------------------------------
     0 | D:1      | Phenom the Draconian Berserker began the quest for the Orb.
     0 | D:1      | Reached XP level 1. HP: 19/19 MP: 1/1
   168 | D:1      | Reached XP level 2. HP: 22/26 MP: 2/2
   391 | D:1      | Reached ** piety under Trog
   408 | D:1      | Reached XP level 3. HP: 30/33 MP: 3/3
  1133 | D:2      | Reached XP level 4. HP: 40/40 MP: 4/4
  1198 | D:2      | Reached skill level 4 in Axes
  1665 | D:3      | Reached *** piety under Trog
  2482 | D:4      | Noticed Blork the orc
  2488 | D:4      | Killed Blork the orc
  2488 | D:4      | Reached skill level 1 in Stealth
  2488 | D:4      | Reached XP level 5. HP: 46/46 MP: 5/5
  2535 | D:4      | Found a transporter.
  2558 | D:4      | Noticed a fire bat
  2560 | D:4      | Noticed a fire bat
  2811 | D:4      | Reached skill level 5 in Axes
  2822 | D:4      | Found a runed door.
  2884 | D:4      | Reached XP level 6. HP: 36/53 MP: 6/6
  3068 | D:4      | Found a sacrificial altar of Ru.
  3110 | D:4      | Reached **** piety under Trog
  3121 | D:4      | Found a transporter.
  3164 | D:4      | Found a glowing golden altar of the Shining One.
  3232 | D:4      | Found a glowing silver altar of Zin.
  3313 | D:4      | Noticed Crazy Yiuf
  3322 | D:4      | Killed Crazy Yiuf
  3587 | D:5      | Entered Level 5 of the Dungeon
  3734 | D:5      | Noticed an ice beast
  3745 | D:5      | Killed an ice beast
  3745 | D:5      | Reached skill level 6 in Axes
  3745 | D:5      | Your scales start taking on a lurid green colour.
  3745 | D:5      | Reached XP level 7. HP: 31/60 MP: 7/7
  3745 | D:5      | Gained mutation: Your system is resistant to poisons.
                  | (rPois) [Green Draconian growth]
  4095 | D:5      | Reached skill level 5 in Fighting
  4837 | D:6      | Found a staircase to the Ecumenical Temple.
  4839 | D:6      | Reached skill level 7 in Axes
  5155 | D:6      | Reached XP level 8. HP: 34/68 MP: 8/8
  5444 | D:6      | Reached ***** piety under Trog
  5712 | D:6      | Reached skill level 5 in Dodging
  5716 | D:6      | Reached skill level 8 in Axes
  5776 | D:6      | Found Diwn's Food Shoppe.
  6191 | D:7      | Found Son Tikecve's Assorted Antiques.
  6214 | D:7      | Bought a scroll of identify for 44 gold pieces
  6214 | D:7      | Bought a scroll labeled HYPHODONOSU for 22 gold pieces
  6214 | D:7      | Bought a scroll of identify for 44 gold pieces
  6322 | D:7      | Found Oqur's Armour Boutique.
  6363 | D:7      | HP: 5/105 [poisoned by a killer bee]
  6363 | D:7      | Slain by a killer bee

Vault maps used:
D:1:      wheals_arrival_shading
D:2:      minmay_skewed_foursquare, first_ration
D:3:      minmay_misc_feat_secret_circle
D:4:      gammafunk_cloud_chamber, nicolae_overflow_hidden_temple,
          nicolae_ru_the_path_less_chosen, uniq_crazy_yiuf_cottage,
          uniq_blork_the_orc
D:5:      lemuel_flamethrower_1
D:6:      minmay_flawed_box, minmay_temple_entry_overgrown, serial_shops, shop,
          minmay_misc_feat_nine_boxes
D:7:      serial_gnoll_camp, gnoll_camp_mini_hut, gnoll_camp_mini_hut,
          gnoll_camp_mini_shop, gnoll_camp_medium_02, gnoll_camp_mini_shop,
          grums_kennel

Skill      XL: |  1  2  3  4  5  6  7  8 |
---------------+-------------------------+-----
Dodging        | 3 4 5 |  5.4
Axes           | 4 5 6 7 8 |  8.8
Fighting       | 4 5 |  5.9
Stealth        | 1 2 |  2.5

Action                   |  1- 3 |  4- 6 |  7- 9 || total
-------------------------+-------+-------+-------++-------
Melee: Hand axe          |   134 |   166 |       ||   300
       Tailslap          |    14 |    28 |    27 ||    69
       Battleaxe         |       |    55 |   192 ||   247
Invok: Berserk           |       |     2 |     3 ||     5
  Use: Scroll            |     2 |     3 |     9 ||    14
       Potion            |       |     3 |       ||     3
 Stab: Sleeping          |     1 |     2 |     2 ||     5
       Invisible         |       |     2 |       ||     2
  Eat: Chunk             |     1 |    10 |     8 ||    19
       Ration            |       |       |     1 ||     1
Armor: Skin              |    45 |    35 |    61 ||   141
Dodge: Dodged            |   118 |   174 |   246 ||   538

Table legend:
 A = Non-vault XP
 B = Vault XP
 C = Vault XP percentage of total XP
 D = Non-vault monster count
 E = Vault monster count
 F = Vault count percentage of total count
                 A         B        C        D         E       F
            +---------+---------+-------+---------+---------+-------
      Total |    1805 |     564 |  23.8 |     147 |      20 |  12.0
            +---------+---------+-------+---------+---------+-------
        D:1 |      66 |       0 |   0.0 |      36 |       0 |   0.0
        D:2 |      63 |       5 |   7.4 |      22 |       3 |  12.0
        D:3 |      53 |       0 |   0.0 |      18 |       0 |   0.0
        D:4 |     257 |     133 |  34.1 |      18 |       2 |  10.0
        D:5 |     568 |       0 |   0.0 |      31 |       0 |   0.0
        D:6 |     454 |     340 |  42.8 |      16 |       9 |  36.0
        D:7 |     344 |      86 |  20.0 |       6 |       6 |  50.0
            +---------+---------+-------+---------+---------+-------
